Map: Proxima Station LE

Players

LiquidTLO (TLO)

  • Race: Zerg Zerg
  • League: Master
  • Spawn Location: 1:00

Gumiho - Winner!

  • Race: Terran Terran
  • League: Master
  • Spawn Location: 7:00

Event: HomeStory Cup XV

VOD

Have the link to the VOD?

Description

Time

  • Played on: July 22, 2017, 3:12 p.m.
  • Length: 14:40

All games in this series

Show
View Real Time Build Order
Export as new Build Order

LiquidTLO Zerg 

Build Orders: Hatch First 

Get SALT Encoding   

  12  0:01  Drone  
  13  0:12  Overlord  
  13  0:17  Drone  
  14  0:30  Drone  
  14  0:31  Drone  
  16  0:36  Drone  
  17  0:52  Hatchery  
  17  0:55  Drone  
  17  1:08  Spawning Pool  
  16  1:11  Drone  
  16  1:15  Drone  
  16  1:17  Drone  
  19  1:28  Drone  
  20  1:38  Overlord  
  20  1:42  Extractor  
  19  1:54  Queen  
  19  1:55  Zergling x2  
  19  2:00  Zergling x2  
  23  2:04  Queen  
  23  2:05  Drone  
  26  2:11  Drone  
  26  2:15  Drone  
  28  2:22  Overlord  
  28  2:26  Drone  
  29  2:32  Queen  
  29  2:33  Drone  
  29  2:36  Drone  
  33  2:43  Drone  
  34  2:48  Hatchery  
  34  2:49  Drone  
  34  2:54  Drone  
  35  3:01  Metabolic Boost, Overlord  
  35  3:04  Drone  
  36  3:07  Drone  
  36  3:11  Drone  
  38  3:13  Drone  
  38  3:17  Queen  
  40  3:21  Drone  
  40  3:22  Drone  
  40  3:25  Drone  
  43  3:33  Zergling x2  
  44  3:35  Drone  
  44  3:38  Zergling x4  
  44  3:40  Overlord  
  47  3:41  Drone  
  47  3:42  Drone x2  
  47  3:44  Drone  
  51  3:51  Evolution Chamber  
  51  3:53  Spore Crawler  
  49  3:55  Spore Crawler  
  49  3:59  Drone  
  49  4:00  Queen  
  49  4:01  Drone  
  52  4:06  Spore Crawler  
  52  4:08  Drone  
  52  4:10  Drone  
  52  4:11  Drone  
  52  4:12  Drone  
  52  4:15  Drone  
  56  4:18  Drone  
  56  4:22  Overlord  
  56  4:23  Zerg Ground Armor Level 1  
  57  4:27  Overlord  
  57  4:31  Extractor  
  56  4:33  Drone, Overlord  
  57  4:40  Baneling Nest, Drone  
  57  4:42  Drone  
  57  4:44  Drone x3  
  61  4:46  Zergling x6  
  61  4:48  Drone  
  61  4:49  Drone  
  61  4:52  Drone  
  67  4:53  Drone  
  67  4:54  Drone x2  
  67  4:57  Zergling x2  
  67  4:59  Zergling x2  
  72  5:04  Zergling x2  
  72  5:06  Zergling x2  
  72  5:07  Zergling x2  
  75  5:11  Queen  
  74  5:15  Zergling x2  
  74  5:16  Zergling x2  
  74  5:21  Zergling x2  
  72  5:22  Drone x2  
  72  5:23  Drone x2  
  72  5:26  Drone  
  76  5:29  Evolution Chamber  
  76  5:31  Extractor x2  
  76  5:33  Drone x2  
  76  5:34  Drone x2  
  76  5:35  Drone x2  
  79  5:36  Drone  
  79  5:40  Drone  
  81  5:45  Lair  
  81  5:46  Drone  
  78  5:50  Drone  
  78  5:51  Drone x2  
  81  5:57  Overlord  
  81  6:00  Zerg Missile Weapons Level 1  
  81  6:01  Overlord  
  81  6:03  Drone x2  
  81  6:06  Drone  
  81  6:07  Drone  
  81  6:15  Queen, Zergling x2  
  81  6:16  Zergling x2  
  82  6:19  Drone  
  82  6:22  Drone x2  
  82  6:25  Overlord  
  85  6:26  Extractor x2  
  85  6:27  Drone x2  
  85  6:28  Drone  
  85  6:29  Zergling x4  
  85  6:30  Drone x2  
  90  6:33  Extractor  
  90  6:34  Zergling x2  
  90  6:36  Hatchery  
  90  6:37  Drone  
  90  6:39  Queen  
  93  6:40  Drone  
  93  6:44  Drone  
  93  6:45  Zergling x4  
  97  6:48  Queen, Zergling x4  
  97  6:50  Queen, Baneling x5  
  97  6:52  Zergling x2  
  104  6:54  Baneling x2  
  104  6:55  Baneling x2  
  104  6:56  Baneling  
  104  6:59  Zergling x2  
  105  7:04  Zergling x2  
  105  7:05  Zergling x2  
  99  7:09  Zergling x4, Drone  
  99  7:12  Drone  
  99  7:13  Drone  
  99  7:14  Queen, Drone  
  99  7:15  Drone x2  
  102  7:18  Drone x2  
  102  7:19  Hydralisk Den  
  102  7:21  Evolution Chamber  
  102  7:22  Drone  
  101  7:23  Drone  
  101  7:24  Queen, Infestation Pit, Drone  
  101  7:26  Centrifical Hooks  
  104  7:33  Overlord x2  
  104  7:34  Zergling x2  
  105  7:37  Overlord  
  105  7:40  Overlord  
  105  7:41  Overlord  
  105  7:42  Spore Crawler  
  105  7:43  Overlord  
  104  7:47  Queen, Zergling x2, Overlord  
  104  7:48  Zergling x2  
  104  7:50  Zergling x2  
  104  7:51  Queen  
  103  7:52  Zergling x2  
  103  7:53  Zergling x2  
  103  7:56  Zergling x4  
  103  7:57  Zergling x2  
  107  8:01  Hive  
  107  8:02  Zerg Missile Weapons Level 2  
  107  8:06  Muscular Augments  
  107  8:08  Hydralisk  
  107  8:09  Hydralisk  
  107  8:10  Hydralisk  
  113  8:16  Baneling x3  
  113  8:19  Hydralisk  
  113  8:20  Hydralisk x3  
  113  8:21  Hydralisk  
  113  8:26  Hydralisk, Zerg Melee Weapons Level 1  
  113  8:27  Hydralisk  
  121  8:37  Hydralisk x2  
  121  8:38  Hydralisk  
  121  8:40  Hydralisk  
  124  8:42  Hydralisk x2  
  124  8:43  Zergling x6  
  124  8:46  Zergling x2  
  127  8:49  Zergling x2  
  127  8:50  Spore Crawler  
  127  8:51  Zergling x2  
  127  8:52  Spore Crawler, Zergling x2  
  127  8:53  Zergling x2  
  127  8:54  Zergling x4  
  127  8:55  Zergling x4  
  130  8:58  Zerg Ground Armor Level 2  
  131  9:02  Extractor  
  131  9:03  Extractor  
  131  9:04  Spore Crawler  
  131  9:05  Spine Crawler  
  131  9:06  Zergling x6  
  131  9:09  Drone  
  131  9:10  Pneumatized Carapace  
  131  9:14  Zergling x2  
  132  9:18  Viper  
  132  9:19  Ultralisk Cavern  
  132  9:21  Drone  
  135  9:24  Evolution Chamber, Zergling x2  
  135  9:30  Zergling x4  
  137  9:32  Zergling x4  
  137  9:33  Zergling x2  
  137  9:34  Zergling x2  
  137  9:36  Zergling x2  
  137  9:37  Hatchery, Zergling x4  
  138  9:42  Zergling x2  
  138  9:43  Zergling x6  
  138  9:44  Zergling x2  
  138  9:45  Zergling x2  
  141  9:47  Zergling x4  
  141  9:51  Zergling x4  
  141  9:52  Zergling x4  
  147  9:53  Zergling x2  
  147  9:54  Viper x2  
  147  9:56  Zergling x2  
  147  9:57  Zergling x4  
  147  9:58  Zergling x4  
  147  9:59  Zergling x2  
  149  10:00  Zergling x4  
  149  10:01  Zergling x2  
  149  10:05  Chitinous Plating  
  146  10:09  Ultralisk  
  152  10:17  Ultralisk  
  158  10:23  Ultralisk  
  158  10:24  Overlord  
  164  10:41  Baneling x4  
  164  10:42  Ultralisk, Baneling  
  169  10:46  Ultralisk  
  174  10:57  Ultralisk  
  172  11:04  Zergling x2  
  172  11:05  Zergling x6  
  172  11:07  Ultralisk  
  161  11:11  Baneling  
  161  11:12  Baneling x3, Zergling x2  
  161  11:17  Zergling x2  
  161  11:18  Zergling x2  
  158  11:22  Ultralisk  
  162  11:32  Ultralisk  
  153  11:34  Zergling x20  
  153  11:35  Zergling x8  
  153  11:37  Zergling x2  
  165  11:42  Zergling x2  
  165  11:44  Zergling x4  
  165  11:46  Hydralisk, Zergling x2  
  165  11:47  Hydralisk x5  
  153  11:51  Hydralisk, Zergling x2  
  153  11:53  Zergling x2  
  145  11:57  Queen, Baneling  
  147  12:03  Ultralisk  
  147  12:04  Zergling x2  
  147  12:06  Zergling x4  
  147  12:07  Zergling x2  
  135  12:08  Zergling x2  
  135  12:12  Zergling x2  
  135  12:14  Zergling x4  
  135  12:15  Zergling x4  
  126  12:19  Hydralisk  
  126  12:20  Hydralisk x2  
  123  12:25  Hydralisk x2  
  123  12:27  Zergling x2  
  123  12:29  Zergling x2  
  120  12:31  Drone  
  120  12:32  Hydralisk, Zergling x2  
  121  12:40  Ultralisk  
  123  12:47  Ultralisk  
  125  12:52  Zergling x2  
  125  12:57  Ultralisk  
  130  13:01  Zergling x2  
  130  13:07  Zergling x4  
  130  13:09  Viper  
  130  13:10  Zergling x2  
  130  13:11  Zergling x4  
  138  13:18  Ultralisk  
  144  13:22  Hydralisk x2  
  144  13:25  Hydralisk x2  
  154  13:28  Hydralisk  
  154  13:29  Zergling x2  
  154  13:33  Hydralisk x2  
  159  13:37  Hydralisk  
  159  13:39  Zergling x2  
  159  13:40  Zergling x2  
  157  13:44  Zergling x4  
  157  13:47  Hydralisk  
  157  13:48  Zergling x2  
  153  13:49  Zergling x2  
  153  13:50  Zergling x4  
  153  13:51  Zergling x2  
  153  13:52  Zergling x2  
  155  13:55  Zergling x2  
  155  13:58  Hydralisk  
  151  14:03  Hydralisk  
  151  14:04  Hydralisk  
  151  14:05  Zergling x2  
  151  14:09  Zergling x2  
  150  14:11  Zergling x2  
  150  14:13  Zergling x2  
  150  14:16  Zergling x2  
  142  14:20  Zergling x2  
  142  14:22  Zergling x2  
Show
View Real Time Build Order
Export as new Build Order

Gumiho Terran - Winner!

Build Orders: Mech 

Get SALT Encoding   

  12  0:00  SCV  
  13  0:12  SCV  
  14  0:17  Supply Depot  
  14  0:24  SCV  
  15  0:39  SCV  
  15  0:40  Barracks  
  16  0:43  Refinery  
  16  0:51  SCV  
  17  1:03  SCV  
  18  1:15  SCV  
  19  1:27  Marine  
  19  1:28  Orbital Command  
  20  1:40  Command Center  
  20  1:45  Marine  
  21  1:55  Factory  
  21  1:58  SCV  
  22  2:08  Supply Depot  
  22  2:10  SCV  
  23  2:17  Refinery  
  24  2:30  SCV  
  24  2:33  Barracks Reactor  
  24  2:39  Starport  
  24  2:42  SCV  
  25  2:44  Widow Mine  
  27  2:51  Orbital Command  
  27  2:54  SCV  
  28  3:05  Supply Depot  
  28  3:06  SCV  
  28  3:10  Marine x2  
  31  3:15  Factory Tech Lab  
  31  3:16  Medivac  
  31  3:17  SCV  
  31  3:18  SCV  
  35  3:22  Supply Depot  
  35  3:28  Marine x2  
  35  3:29  SCV  
  35  3:31  SCV  
  39  3:37  Siege Tank  
  42  3:41  SCV  
  42  3:43  SCV  
  42  3:46  Marine x2  
  46  3:52  Medivac  
  50  3:55  SCV x2  
  50  3:57  Supply Depot  
  50  4:03  Marine  
  50  4:04  Marine  
  50  4:07  SCV x2  
  54  4:12  Siege Tank  
  57  4:19  SCV x2  
  59  4:29  Command Center  
  59  4:31  Marine x2, Medivac  
  61  4:33  SCV  
  61  4:34  SCV  
  61  4:37  Supply Depot  
  65  4:45  SCV, Refinery  
  66  4:46  SCV  
  66  4:47  Refinery  
  67  4:57  SCV  
  67  4:58  Hellion  
  67  4:59  Hellion, SCV  
  73  5:03  Armory  
  73  5:11  SCV x2  
  66  5:23  SCV x2  
  66  5:24  Hellion x2  
  64  5:32  Factory  
  64  5:35  Factory, SCV x2  
  66  5:39  Starport Reactor  
  66  5:42  Barracks Tech Lab, Orbital Command  
  66  5:45  Hellion x2  
  66  5:47  SCV x2  
  72  5:53  Terran Vehicle Weapons Level 1  
  72  5:59  SCV x2  
  74  6:08  Hellion  
  74  6:09  Hellion, SCV  
  79  6:11  SCV x2  
  79  6:15  Supply Depot x2  
  79  6:21  SCV  
  79  6:23  SCV x2  
  85  6:28  Refinery  
  85  6:33  SCV  
  85  6:34  Hellion x2  
  85  6:35  Thor  
  85  6:36  Thor, SCV, Refinery  
  85  6:37  SCV  
  85  6:39  Supply Depot  
  101  6:41  Supply Depot  
  101  6:43  Supply Depot  
  101  6:45  SCV, Medivac x2  
  106  6:48  SCV  
  106  6:49  SCV  
  108  6:57  SCV  
  108  6:59  Factory  
  108  7:00  Factory  
  109  7:01  SCV x2  
  107  7:10  SCV  
  107  7:13  SCV x2  
  99  7:17  Hellion x2  
  99  7:18  Siege Tank, Medivac  
  99  7:22  SCV  
  101  7:24  Supply Depot  
  101  7:25  SCV x2  
  101  7:26  Medivac  
  101  7:27  Hellion  
  101  7:29  Infernal Pre-Igniter  
  107  7:34  Engineering Bay  
  107  7:43  Factory Tech Lab  
  107  7:44  Factory Reactor  
  107  7:46  Command Center  
  105  7:58  Siege Tank x2, Hellion  
  113  8:00  Hellion, Viking x2  
  119  8:07  Missile Turret  
  119  8:11  Missile Turret  
  119  8:13  Supply Depot x2  
  119  8:14  Supply Depot  
  119  8:15  Thor, Missile Turret  
  127  8:20  Hellion  
  127  8:25  Hellion x2  
  127  8:26  Hellion  
  133  8:30  Siege Tank, Hellion  
  130  8:35  Terran Vehicle And Ship Armor Level 1  
  126  8:45  Hellion  
  126  8:46  Viking  
  124  8:51  Siege Tank  
  126  8:58  Siege Tank  
  126  9:00  Hellion x2, Medivac  
  126  9:01  Hellion  
  134  9:09  Supply Depot  
  138  9:10  Hellion x2, Supply Depot  
  138  9:11  Supply Depot  
  138  9:16  Medivac  
  140  9:19  Command Center  
  140  9:21  Planetary Fortress  
  140  9:22  Hellion x3  
  146  9:25  SCV x3  
  146  9:30  Hellion  
  146  9:31  Hellion x3  
  156  9:43  Hellion x3  
  151  9:51  Siege Tank  
  151  9:52  Siege Tank x2, Hellion  
  160  9:53  Refinery  
  160  9:56  Refinery  
  156  10:02  Medivac  
  156  10:04  Hellion  
  156  10:05  Hellion x2  
  162  10:13  Command Center  
  164  10:14  Hellion  
  164  10:15  Supply Depot  
  164  10:17  Supply Depot  
  164  10:19  Medivac  
  166  10:23  Siege Tank  
  166  10:24  Siege Tank x2  
  166  10:26  Hellion x3  
  181  10:36  Barracks  
  181  10:37  Hellion  
  183  10:45  Medivac  
  183  10:47  Hellion x3  
  183  10:49  Medivac  
  193  10:55  Siege Tank  
  193  10:56  Hellion  
  198  10:57  Hellion  
  195  11:10  Hellion x2  
  198  11:15  Hellion  
  198  11:23  Terran Vehicle Weapons Level 2  
  198  11:28  Hellion  
  198  11:31  Siege Tank x2, Hellion  
  200  11:39  Liberator x2  
  200  11:42  Hellion x2  
  168  11:50  Hellion x2  
  168  11:53  Siege Tank  
  162  12:03  Siege Tank x2, Hellion x2  
  163  12:11  Hellion x2  
  140  12:23  Command Center  
  140  12:25  Siege Tank, Hellion x2, Liberator  
  140  12:26  Liberator  
  132  12:33  Hellion x2  
  132  12:35  Siege Tank x2  
  137  12:46  Hellion x2  
  137  12:51  Armory  
  141  12:52  Factory x3  
  141  12:54  Hellion x2  
  141  12:57  Siege Tank  
  148  13:07  Siege Tank x2, Hellion  
  148  13:08  Hellion  
  158  13:15  Hellion x2  
  162  13:25  Viking  
  162  13:26  Viking  
  166  13:29  Hellion x3  
  171  13:37  Hellion x2  
  171  13:38  Factory Tech Lab  
  171  13:39  Siege Tank x2, Factory Reactor  
  171  13:40  Factory Tech Lab  
  175  13:50  Siege Tank, Hellion x2  
  182  13:58  Hellion x2  
  182  14:01  Hellion x2  
  184  14:12  Hellion x2  
  190  14:18  Hellion  
Tags
 
Add a new tag
Caveats
  • Supply blocks, unpowered buildings, or Contaminate may cause inaccurate times.
  • Supply counts are checked every 10 seconds.